 Dungeon Crawl Stone Soup version 0.29.0-4-gdea44cf6ec (webtiles) character file.

Game seed: 7390183421399454193

438 qw the Chopper (level 7, 0/59 HPs)
             Began as a Ghoul Enchanter on Sept 7, 2022.
             Was an Initiate of Okawaru.
             Slain by a scorpion (7 damage)
             ... on level 5 of the Dungeon.
             The game lasted 00:02:45 (6613 turns).

qw the Chopper (Ghoul Enchanter)                    Turns: 6613, Time: 00:02:46

Health: 0/59       AC:  5    Str: 14    XL:     7   Next: 1%
Magic:  8/8        EV: 14    Int: 10    God:    Okawaru [......]
Gold:   199        SH:  0    Dex:  9    Spells: 9/9 levels left

rFire   . . .      SeeInvis .   Y - +0 war axe
rCold   + . .      Faith    .   (no shield)
rNeg    + + +      Spirit   .   c - +0 ring mail
rPois   inf        Reflect  .   (no helmet)
rElec   .          Harm     .   (no cloak)
rCorr   .          Rampage  .   (no gloves)
Will    .....                   (no boots)
Stlth   +.........              (no amulet)
HPRegen 0.00/turn               k - +4 ring of evasion
MPRegen 0.11/turn               (no ring)

@: inhibited regen
A: claws 1, cold resistance 1, negative energy resistance 3, inhibited
regeneration, torment resistance 2, devour on kill
a: Renounce Religion


You were on level 5 of the Dungeon.
You worshipped Okawaru.
Okawaru was noncommittal.
You visited 1 branch of the dungeon, and saw 5 of its levels.

You collected 289 gold pieces.
You spent 90 gold pieces at shops.


Innate Abilities, Weirdness & Mutations

You are immune to poison.
You have sharp fingernails.
Your flesh is cold resistant. (rC+)
You are immune to negative energy. (rN+++)
You do not regenerate when monsters are visible.
You are immune to unholy pain and torment.
You thrive by killing the living.


   Skills:
 - Level 4.0 Fighting
 - Level 0.8 Short Blades
 + Level 5.1 Axes
 - Level 1.7 Dodging
 - Level 3.2 Stealth
 - Level 1.7 Spellcasting
 - Level 2.4 Hexes


You had 9 spell levels left.
You didn't know any spells.
Your spell library contained the following spells:

 Spells                   Type           Power      Damage    Failure   Level
 Ensorcelled Hibernation  Hex/Ice        6%         N/A       52%         2
 Confusing Touch          Hex            5%         N/A       58%         3
 Dazzling Flash           Conj/Hex       6%         N/A       77%         3
 Tukima's Dance           Hex            Unusable   N/A       N/A         3

Inventory:

Hand Weapons
 f - a +0 flail
 Y - a +0 war axe (weapon)
Missiles
 p - 3 boomerangs (quivered)
Armour
 c - a +0 ring mail (worn)
Jewellery
 k - a +4 ring of evasion (left claw)
Scrolls
 b - 2 scrolls of enchant armour
 l - a scroll of identify
Potions
 a - a potion of mutation
 h - a potion of resistance
 i - 2 potions of curing
 o - a potion of ambrosia {unknown}

Dungeon Overview and Level Annotations

Branches:
Dungeon (5/15)
 Temple: D:4-7

Altars:
Okawaru
Qazlal
Sif Muna

Shops:
D:2 ?   D:3 [


Message History

The iguana is heavily wounded.
The iguana bites you!
You closely miss the iguana.
The iguana is heavily wounded.
The iguana completely misses you.
You slash the iguana!
The iguana is almost dead.
The iguana barely misses you. The iguana bites you!
6607 ||| READING scroll of teleportation.
As you read the scroll of teleportation, it crumbles to dust.
You feel strangely unstable. The iguana bites you!
You hit the iguana.
You kill the iguana!
Okawaru accepts your kill.
You feel better.
Your Fighting skill increases to level 4!
You have reached level 7!
You start resting.
Your surroundings suddenly seem different.
An adder and 2 scorpions come into view.
Found a glowing iron wand and 17 gold pieces.
Found an escape hatch in the floor.
Found a stone staircase leading up.
The adder hisses angrily.
The adder barely misses you.
Enter note: You miss the adder.
The adder bites you but does no damage. The adder barely misses you.
You miss the adder. The adder barely misses you.
You closely miss the scorpion. You hit the scorpion. You miss the adder.
The adder closely misses you. The scorpion completely misses you.
The scorpion barely misses you. The adder bites you but does no damage.
You closely miss the scorpion.
The scorpion is moderately wounded.
You miss the adder. You barely miss the scorpion.
The scorpion barely misses you.
The scorpion stings you but does no damage.
The adder bites you but does no damage. The scorpion stings you!
You die...

############
##.......$..#
##./.S........
#...>s@.......
#.....s.......
#.............
#.............
#.............
##............
##.....<....#
######.....#


You could see 2 scorpions and an adder.

Vanquished Creatures
  A phantom (D:5)
  2 hounds (D:4)
  2 orc priests (D:4)
  2 iguanas (D:5)
  An orc wizard (D:4)
  3 gnolls (D:4)
  4 adders
  2 dart slugs
  2 worms
  7 orcs (D:4)
  8 ball pythons
  4 endoplasms
  2 giant cockroaches (D:1)
  14 goblins
  4 hobgoblins
  4 jackals
  10 kobolds
  3 quokkas
  4 bats
  7 frilled lizards
  7 rats
93 creatures vanquished.

Notes
Turn   | Place    | Note
-------+----------+-------------------------------------------
     0 | D:1      | qw the Ghoul Enchanter began the quest for the Orb.
     0 | D:1      | Reached XP level 1. HP: 14/14 MP: 2/2
     0 | D:1      | 0 ||| qw: Version: 0.1-a-108-g9e35731
     0 | D:1      | 0 ||| qw: Game counter: 6532
     0 | D:1      | 0 ||| qw: Always use a shield: true
     0 | D:1      | 0 ||| qw: God list: Okawaru
     0 | D:1      | 0 ||| qw: Allow faded altars: false
     0 | D:1      | 0 ||| qw: Do Orc after D:15 true
     0 | D:1      | 0 ||| qw: Do second Lair branch before Depths: true
     0 | D:1      | 0 ||| qw: Lair rune preference: random
     0 | D:1      | 0 ||| qw: Plans: Normal
     0 | D:1      | 0 ||| PLANNING D:1-11
   205 | D:1      | Reached skill level 1 in Axes
   207 | D:1      | 207 ||| SWAPPING to +0 whip.
   208 | D:1      | 208 ||| DROPPING +1 dagger.
   244 | D:1      | 244 ||| Stepping ~*~*~tactically~*~*~ (stealth).
   247 | D:1      | 247 ||| Stepping ~*~*~tactically~*~*~ (outnumbered).
   254 | D:1      | Reached XP level 2. HP: 13/22 MP: 3/3
   262 | D:1      | Reached skill level 1 in Fighting
  1330 | D:1      | Found a faded altar of an unknown god.
  1398 | D:1      | Reached XP level 3. HP: 21/28 MP: 4/4
  1789 | D:1      | 1789 ||| Stepping ~*~*~tactically~*~*~ (stealth).
  1791 | D:1      | 1791 ||| Stepping ~*~*~tactically~*~*~ (stealth).
  1802 | D:1      | Reached skill level 2 in Axes
  2251 | D:1      | 2251 ||| UPGRADING to +0 leather armour.
  2261 | D:1      | 2261 ||| DROPPING +0 robe.
  2262 | D:1      | 2262 ||| UPGRADING to +4 ring of evasion.
  2263 | D:1      | 2263 ||| READING scroll labelled SESU NANKUE.
  2266 | D:1      | 2266 ||| READING scroll labelled HIBREA VONID.
  2267 | D:1      | 2267 ||| READING scroll labelled OBY AWOCUSYAN.
  2268 | D:1      | 2268 ||| DROPPING 2 potions of invisibility.
  2309 | D:2      | HP: 6/29 [adder (4)]
  2311 | D:2      | 2311 ||| STAIRDANCE
  2646 | D:2      | 2646 ||| Stepping ~*~*~tactically~*~*~ (stealth).
  2649 | D:2      | 2649 ||| Stepping ~*~*~tactically~*~*~ (outnumbered).
  2650 | D:2      | 2650 ||| Stepping ~*~*~tactically~*~*~ (outnumbered).
  3142 | D:2      | Reached XP level 4. HP: 36/36 MP: 5/5
  3474 | D:2      | Found Puec's Magic Scroll Boutique.
  3480 | D:2      | 3480 ||| BUYING scroll of identify (20 gold).
  3480 | D:2      | Bought a scroll of identify for 20 gold pieces
  3480 | D:2      | 3480 ||| BUYING scroll of identify (20 gold).
  3480 | D:2      | Bought a scroll of identify for 20 gold pieces
  3480 | D:2      | 3480 ||| BUYING scroll of identify (20 gold).
  3480 | D:2      | Bought a scroll of identify for 20 gold pieces
  3480 | D:2      | 3480 ||| BUYING scroll of teleportation (30 gold).
  3480 | D:2      | Bought a scroll of teleportation for 30 gold pieces
  3765 | D:2      | 3765 ||| UPGRADING to +0 ring mail.
  3775 | D:2      | 3775 ||| DROPPING +0 leather armour.
  3776 | D:2      | 3776 ||| READING 2 scrolls labelled KYNONTE NAPTE.
  3777 | D:2      | 3777 ||| READING scroll labelled VINUGH ADAYFI.
  3778 | D:2      | 3778 ||| READING 3 scrolls labelled UMESKE UGIYXAO.
  3779 | D:2      | 3779 ||| READING 2 scrolls of enchant weapon.
  3779 | D:2      | 3779 ||| ENCHANTING +1 whip.
  3780 | D:2      | 3780 ||| READING scroll of enchant weapon.
  3780 | D:2      | 3780 ||| ENCHANTING +2 whip.
  3781 | D:2      | 3781 ||| READING 4 scrolls of identify.
  3781 | D:2      | 3781 ||| IDENTIFYING bubbling yellow potion
  3782 | D:2      | 3782 ||| READING 3 scrolls of identify.
  3782 | D:2      | 3782 ||| IDENTIFYING orange potion
  3783 | D:2      | 3783 ||| READING 2 scrolls of identify.
  3783 | D:2      | 3783 ||| IDENTIFYING glowing orange potion
  3784 | D:2      | 3784 ||| DROPPING potion of attraction.
  3872 | D:3      | Found Weoreem's Antique Armour Emporium.
  3891 | D:3      | 3891 ||| SHOPLISTING embroidered scarf (184 gold, have 71).
  3891 | D:3      | 3891 ||| SHOPLISTING glowing cloak (172 gold, have 71).
  3891 | D:3      | 3891 ||| SHOPLISTING jewelled scale mail (207 gold, have
                  | 71).
  3891 | D:3      | 3891 ||| SHOPLISTING runed robe (85 gold, have 71).
  3933 | D:3      | 3933 ||| Stepping ~*~*~tactically~*~*~ (hiding).
  4035 | D:3      | 4035 ||| Stepping ~*~*~tactically~*~*~ (hiding).
  4137 | D:3      | 4137 ||| Stepping ~*~*~tactically~*~*~ (hiding).
  4239 | D:3      | 4239 ||| Stepping ~*~*~tactically~*~*~ (hiding).
  4341 | D:3      | 4341 ||| Stepping ~*~*~tactically~*~*~ (hiding).
  4443 | D:3      | 4443 ||| Stepping ~*~*~tactically~*~*~ (hiding).
  4451 | D:3      | Reached skill level 3 in Axes
  4849 | D:3      | 4849 ||| Stepping ~*~*~tactically~*~*~ (stealth).
  4880 | D:3      | 4880 ||| Stepping ~*~*~tactically~*~*~ (stealth).
  4882 | D:3      | 4882 ||| Stepping ~*~*~tactically~*~*~ (stealth).
  5233 | D:3      | 5233 ||| DROPPING scarf of harm.
  5234 | D:3      | 5234 ||| READING scroll labelled AWUONI HAWIOCW.
  5271 | D:4      | Found a stormy altar of Qazlal.
  5506 | D:4      | 5506 ||| Stepping ~*~*~tactically~*~*~ (hiding).
  5630 | D:4      | 5630 ||| SWAPPING to +0 flail.
  5631 | D:4      | 5631 ||| DROPPING +3 whip.
  5642 | D:4      | Reached XP level 5. HP: 27/41 MP: 6/6
  5645 | D:4      | HP: 9/41 [something (5)]
  5646 | D:4      | Reached skill level 4 in Axes
  5646 | D:4      | 5646 ||| READING 2 scrolls of teleportation.
  5658 | D:4      | 5658 ||| Stepping ~*~*~tactically~*~*~ (stealth).
  5680 | D:4      | 5680 ||| Stepping ~*~*~tactically~*~*~ (stealth).
  5753 | D:4      | 5753 ||| Invisible monster not found???
  5854 | D:4      | 5854 ||| SWAPPING to +0 war axe.
  5899 | D:4      | Reached skill level 3 in Fighting
  5899 | D:4      | Reached XP level 6. HP: 51/51 MP: 7/7
  6030 | D:4      | 6030 ||| Stepping ~*~*~tactically~*~*~ (stealth).
  6064 | D:4      | Found an iron altar of Okawaru.
  6072 | D:4      | Became a worshipper of Warmaster Okawaru
  6227 | D:4      | 6227 ||| Stepping ~*~*~tactically~*~*~ (stealth).
  6228 | D:4      | 6228 ||| Stepping ~*~*~tactically~*~*~ (stealth).
  6481 | D:4      | Found a shimmering blue altar of Sif Muna.
  6529 | D:4      | 6529 ||| DROPPING orb of guile.
  6530 | D:4      | 6530 ||| READING scroll labelled GANOCKANOA.
  6531 | D:4      | 6531 ||| READING scroll labelled GIMO WIEBIDDAD.
  6532 | D:4      | 6532 ||| DRINKING 3 viscous inky potions.
  6533 | D:4      | 6533 ||| READING 2 scrolls of identify.
  6533 | D:4      | 6533 ||| IDENTIFYING fizzy grey potion
  6534 | D:4      | 6534 ||| DROPPING potion of lignification.
  6582 | D:5      | Entered Level 5 of the Dungeon
  6597 | D:5      | Reached skill level 5 in Axes
  6606 | D:5      | HP: 13/52 [iguana (12)]
  6607 | D:5      | 6607 ||| READING scroll of teleportation.
  6607 | D:5      | HP: 3/52 [iguana (10)]
  6609 | D:5      | Reached XP level 7. HP: 7/59 MP: 8/8
  6613 | D:5      | Slain by a scorpion

Levels and vault maps discovered:
D:1:      eino_arrival_tree_alley, layout_loops_corners,
          chequers_ecumenical_altar_lobes
D:2:      layout_loops_ring, serial_shops, nicolae_shop_waterfront
D:3:      layout_basic, serial_shops,
          nicolae_shop_temple_entry_statues_fountains, serial_corexii_hall,
          chequers_hall_statues_y, corexii_hall_statues_t,
          chequers_serial_rivers_micro_a, minmay_statues_item,
          chequers_serial_rivers_marsh
D:4:      layout_loops_ring, okawaru_altar_gauntlet_db,
          overflow_temple_1_default, mainiacjoe_overflow_alcove_2
D:5:      layout_rooms, minmay_misc_feat_columns, lightli_church_of_beogh

Skill      XL: |  1  2  3  4  5  6 |
---------------+-------------------+-----
Axes           | 1 2 3 4 5 |  5.1
Fighting       | 1 2 3 4 |  4.0
Short Blades   | |  0.8
Dodging        | |  1.7
Stealth        | |  3.2
Spellcasting   | |  1.7
Hexes          | |  2.4

Action                   |  1- 3 |  4- 6 |  7- 9 || total
-------------------------+-------+-------+-------++-------
Melee: Dagger            |    23 |       |       ||    23
       Whip              |   225 |   121 |       ||   346
       Punch             |     1 |     2 |       ||     3
       Flail             |       |    12 |       ||    12
       War axe           |       |    92 |     4 ||    96
  Use: Scroll            |     3 |    14 |       ||    17
       Potion            |       |     1 |       ||     1
 Stab: Sleeping          |     1 |     2 |       ||     3
Armor: Robe              |    19 |       |       ||    19
       Leather armour    |    17 |     8 |       ||    25
       Ring mail         |       |    38 |     4 ||    42
Dodge: Dodged            |   159 |   169 |     7 ||   335

Table legend:
 A = Non-vault XP
 B = Vault XP
 C = Vault XP percentage of total XP
 D = Non-vault monster count
 E = Vault monster count
 F = Vault count percentage of total count
                 A         B        C        D         E       F
            +---------+---------+-------+---------+---------+-------
      Total |     575 |      51 |   8.1 |      87 |       6 |   6.5
            +---------+---------+-------+---------+---------+-------
        D:1 |      49 |       0 |   0.0 |      32 |       0 |   0.0
        D:2 |      72 |       0 |   0.0 |      22 |       0 |   0.0
        D:3 |      24 |       0 |   0.0 |      10 |       0 |   0.0
        D:4 |     250 |      51 |  16.9 |      20 |       6 |  23.1
        D:5 |     180 |       0 |   0.0 |       3 |       0 |   0.0
            +---------+---------+-------+---------+---------+-------
